 Dungeon Crawl Stone Soup version 0.28.0 (webtiles) character file.

Game seed: 14220928406827678645

144 ytrimaz the Skirmisher (level 5, 0/41 HPs)
             Began as a Demonspawn Fighter on Feb 11, 2022.
             Slain by an iguana (10 damage)
             ... on level 4 of the Dungeon.
             The game lasted 00:02:53 (1933 turns).

ytrimaz the Skirmisher (Demonspawn Fighter)         Turns: 1933, Time: 00:02:53

Health: 0/41       AC:  9    Str: 16    XL:     5   Next: 5%
Magic:  5/5        EV:  8    Int: 10    God:
Gold:   6          SH:  5    Dex: 16    Spells: 4/4 levels left

rFire   . . .      SeeInvis .   j - +1 rapier
rCold   . . .      Faith    .   c - +0 buckler
rNeg    . . .      Spirit   .   b - +1 scale mail
rPois   .          Reflect  .   (no helmet)
rElec   .          Harm     .   n - +0 cloak
rCorr   .          Rampage  .   (no gloves)
Will    .....                   (no boots)
Stlth   ++........              (no amulet)
HPRegen 0.13/turn               (no ring)
MPRegen 0.09/turn               (no ring)

@: mighty, attractive
A: thin skeletal structure 1, foul stench 1, spiny 2
a: no special abilities


You were on level 4 of the Dungeon.
You visited 1 branch of the dungeon, and saw 4 of its levels.

You collected 109 gold pieces.
You spent 103 gold pieces at shops.

Inventory:

Hand Weapons
 i - a +0 dagger
 j - a +1 rapier (weapon)
Armour
 b - a +1 scale mail (worn)
 c - a +0 buckler (worn)
 n - a +0 cloak (worn)
Wands
 f - a wand of paralysis (13)
Scrolls
 a - a scroll of identify {unknown}
 k - a scroll of amnesia
 l - a scroll of enchant armour


   Skills:
 + Level 3.5 Fighting
 + Level 2.9 Short Blades
 - Level 0.3 Maces & Flails
 + Level 3.5 Armour
 * Level 1.8 Stealth
 - Level 2.8 Shields


You had 4 spell levels left.
You didn't know any spells.
Your spell library contained the following spells:

 Spells                   Type           Power      Damage    Failure   Level
 Animate Skeleton         Necr           0%         N/A       87%         1
 Pain                     Necr           0%         1d4       87%         1
 Vampiric Draining        Necr           0%         2d6       99%         3


Dungeon Overview and Level Annotations

Branches:
Dungeon (3/15)

Altars:
Gozag
Makhleb

Shops:
D:3 [

Annotations:
D:4 Grinder


Innate Abilities, Weirdness & Mutations

You have a somewhat thin skeletal structure. (Dex +2, Stealth+)
You may rarely emit foul miasma when damaged in melee.
You are mostly covered in sharp spines.


Message History

It was a potion of attraction.
You feel attractive to monsters.
The iguana bites you but does no damage.
Grinder gestures at you. You resist with significant effort.
Unknown command.
It was a potion of curing.
You feel better. The iguana barely misses you.
Grinder hits you but does no damage.
Unknown command.
You feel better. The iguana bites you. Grinder hits you but does no damage.
You feel very mighty all of a sudden. The iguana is struck by your spines.
The iguana closely misses you.
Grinder blinks!
Unknown command.
The iguana bites you! Grinder hits you but does no damage.
You completely miss Grinder.
Grinder is lightly wounded.
The iguana bites you.
Grinder blinks!
You block the iguana's attack. Grinder is attracted toward you.
Unknown command.
The iguana is struck by your spines. The iguana closely misses you.
Grinder is attracted toward you.
You completely miss Grinder.
Grinder is lightly wounded.
Grinder is struck by your spines. Grinder closely misses you.
You block the iguana's attack.
Unknown command.
You closely miss Grinder.
Grinder is moderately wounded.
Grinder hits you but does no damage. You block the iguana's attack.
You hit Grinder.
Grinder is heavily wounded.
Grinder is struck by your spines. Grinder hits you but does no damage.
The iguana is struck by your spines. The iguana bites you.
* * * LOW HITPOINT WARNING * * *
Unknown command.
You closely miss Grinder.
Grinder is severely wounded.
The iguana bites you!
You die...

##...
##..<##
##.....##
##.......##
#......!..#
+.........+
#.........#
##.$..l5.##
##..$.@##
##...##
##+##


You could see Grinder and an iguana.

Vanquished Creatures
  A phantom (D:2)
  3 adders
  4 dart slugs (D:2)
  7 bats
  2 endoplasms (D:1)
  3 hobgoblins
  A quokka (D:1)
  3 ball pythons
  A frilled lizard (D:2)
  4 goblins
  3 kobolds (D:2)
  A rat (D:1)
33 creatures vanquished.

Notes
Turn   | Place    | Note
-------+----------+-------------------------------------------
     0 | D:1      | ytrimaz the Demonspawn Fighter began the quest for the Orb.
     0 | D:1      | Reached XP level 1. HP: 18/18 MP: 1/1
    61 | D:1      | Found a faded altar of an unknown god.
   438 | D:1      | Gained mutation: You have a somewhat thin skeletal
                  | structure. (Dex +2, Stealth+) [demonic ancestry]
   438 | D:1      | Reached XP level 2. HP: 24/24 MP: 2/2
  1281 | D:2      | Gained mutation: You are partially covered in sharp spines.
                  | [demonic ancestry]
  1281 | D:2      | Reached XP level 3. HP: 27/29 MP: 3/3
  1340 | D:2      | Found an opulent altar of Gozag.
  1445 | D:2      | Noticed a phantom
  1460 | D:2      | Killed a phantom
  1461 | D:2      | Reached skill level 1 in Stealth
  1461 | D:2      | Gained mutation: You are mostly covered in sharp spines.
                  | [demonic ancestry]
  1461 | D:2      | Reached XP level 4. HP: 13/35 MP: 4/4
  1833 | D:3      | Found Gycaakediel's Antique Armour Boutique.
  1837 | D:3      | Bought a cloak for 103 gold pieces
  1880 | D:3      | Found a burning altar of Makhleb.
  1909 | D:3      | Gained mutation: You may rarely emit foul miasma when
                  | damaged in melee. [demonic ancestry]
  1909 | D:3      | Reached XP level 5. HP: 41/41 MP: 5/5
  1916 | D:3      | You fall into a shaft and drop 1 floor!
  1916 | D:4      | Noticed Grinder
  1917 | D:4      | Paralysed by Grinder for 6 turns
  1933 | D:4      | Slain by an iguana

Illustrated notes

Levels and vault maps discovered:
D:1:      lemuel_arrival_tunnels, layout_basic,
          shapermc_ecumenical_altar_starsandcircs
D:2:      layout_loops_cross, basic_altar
D:3:      layout_loops_ring, nemelex_dance_club_becter, bloody_makhleb,
          serial_shops, nicolae_shop_trees
D:4:      layout_loops_corners, minmay_temple_entry_ruins, uniq_grinder,
          uniq_duvessa

Skill      XL: |  1  2  3 |
---------------+----------+-----
Armour         | 3 |  3.5
Short Blades   | 2 |  2.9
Stealth        | 1 |  1.8
Fighting       | |  3.5
Maces & Flails | |  0.3
Shields        | |  2.8

Action                   |  1- 3 |  4- 6 || total
-------------------------+-------+-------++-------
Melee: Morningstar       |    26 |       ||    26
       Rapier            |    71 |    11 ||    82
  Use: Scroll            |     2 |     3 ||     5
       Potion            |       |     4 ||     4
 Stab: Sleeping          |       |     1 ||     1
Armor: Scale mail        |    52 |     8 ||    60
Dodge: Dodged            |    44 |     5 ||    49
Block: Buckler           |    27 |     6 ||    33
